 Dungeon Crawl Stone Soup version 0.30-a0-840-ga523dec638 (webtiles) character file.

Game seed: 7567093359102056159

6897 jasper the Thaumaturge (level 10, 0/80 HPs)
             Began as a Demonspawn Hedge Wizard on Mar 1, 2023.
             Was a Believer of Vehumet.
             Slain by a deep troll (1 damage)
             ... on level 9 of the Dungeon.
             The game lasted 00:21:23 (12882 turns).

jasper the Thaumaturge (Demonspawn Hedge Wizard)   Turns: 12882, Time: 00:21:24

Health: 0/80       AC:  9    Str: 11    XL:     10   Next: 79%
Magic:  19/23      EV: 18    Int: 19    God:    Vehumet [**....]
Gold:   1715       SH:  0    Dex: 13    Spells: 5/27 levels left

rFire   . . .      SeeInvis .    v - +1 trident (flame)
rCold   . . .      Faith    .    (no shield)
rNeg    . . .      Spirit   .    b - +0 robe
rPois   +          Reflect  .    c - +1 hat
rElec   .          Harm     .    (cloak unavailable)
rCorr   .          Rampage  .    (no gloves)
Will    .....                    (no boots)
Stlth   ++                       w - amulet of magic regeneration
HPRegen 0.33/turn                i - ring of poison resistance
MPRegen 0.58/turn                k - +4 ring of protection

@: agile
A: molten scales 1, foul stench 1, powered by pain 1, weakness stinger 3
a: Renounce Religion


You were on level 9 of the Dungeon.
You worshipped Vehumet.
Vehumet was pleased with you.
You visited 1 branch of the dungeon, and saw 9 of its levels.

You collected 1715 gold pieces.

Inventory:

Hand Weapons
 a - a +0 dagger
 t - a +0 war axe
 v - a +1 trident of flaming (weapon)
Missiles
 f - 122 stones
 u - 5 boomerangs
Armour
 b - a +0 robe (worn)
 c - a +1 hat (worn)
 s - the +1 pair of gloves of Amausuo {Harm rC- Stlth+}
   (You found it on level 7 of the Dungeon)

   rC:        It makes you vulnerable to cold.
   Harm:      It increases damage dealt and taken.
   Stlth:     It makes you more stealthy.
Jewellery
 i - a ring of poison resistance (left hand)
 k - a +4 ring of protection (right hand)
 m - an amulet of guardian spirit
 w - an amulet of magic regeneration (around neck)
 B - a ring of resist corrosion
 C - a +6 ring of strength
Wands
 y - a wand of roots (7)
Scrolls
 e - a scroll of identify
 j - 2 scrolls of magic mapping
 l - a scroll of amnesia
 D - a scroll of enchant armour
Potions
 d - a potion of magic
 h - a potion of haste
 n - 3 potions of flight
 o - a potion of lignification
 p - 4 potions of degeneration
 q - a potion of might
 r - 3 potions of curing
 x - a potion of berserk rage {unknown}
 z - a potion of attraction
 A - 3 potions of mutation


   Skills:
 + Level 7.8 Fighting
 - Level 4.0 Dodging
 - Level 1.7 Stealth
 + Level 9.2 Spellcasting
 * Level 8.4 Conjurations
 - Level 1.0 Summonings
 - Level 0.8 Translocations
 - Level 4.0 Fire Magic
 + Level 3.7 Earth Magic


You had 5 spell levels left.
You knew the following spells:

 Your Spells              Type           Power      Damage    Failure   Level
a - Magic Dart            Conj           100%       1d8       1%          1
b - Call Imp              Summ           12%        N/A       9%          2
c - Blink                 Tloc           24%        N/A       9%          2
d - Cigotuvi's Dreadful   Necr/Pois/Air  16%        N/A       12%         2
e - Mephitic Cloud        Conj/Pois/Air  19%        N/A       8%          3
f - Apportation           Tloc           24%        N/A       6%          1
g - Scorch                Fire           46%        2d7       2%          2
h - Flame Wave            Conj/Fire      32%        2d9       6%          4
i - Stone Arrow           Conj/Erth      62%        3d10      1%          3
j - Passwall              Tmut/Erth      12%        N/A       5%          2

Your spell library contained the following spells:

 Spells                   Type           Power      Damage    Failure   Level
 Foxfire                  Conj/Fire      100%       2x1d9     1%          1
 Sandblast                Erth           44%        2d11      1%          1
 Summon Small Mammal      Summ           48%        N/A       5%          1
 Necrotise                Necr           32%        1d5       9%          1
 Slow                     Hex            32%        N/A       9%          1
 Lesser Beckoning         Tloc           24%        N/A       9%          2
 Kindle Blastsparks       Fire/Tloc/Air  28%        2d12      12%         3
 Ignite Poison            Fire/Tmut/Pois 13%        N/A       14%         3
 Call Canine Familiar     Summ           12%        N/A       16%         3
 Gell's Gravitas          Tloc           12%        N/A       17%         3
 Teleport Other           Tloc           12%        N/A       17%         3
 Portal Projectile        Hex/Tloc       20%        N/A       21%         3
 Leda's Liquefaction      Hex/Erth       7%         N/A       36%         4
 Freezing Cloud           Conj/Ice/Air   9%         6-21      56%         5
 Summon Cactus Giant      Summ           6%         N/A       100%        6


Dungeon Overview and Level Annotations

Branches:
Dungeon (9/15)             Temple (0/1) D:7             Orc (0/2) D:9
   Lair: D:8-11

Altars:
Hepliaklqana
Nemelex Xobeh
Vehumet

Annotations:
D:4 exclusion: phantom


Innate Abilities, Weirdness & Mutations

You are partially covered in molten scales. (AC +2)
You may rarely emit foul miasma when damaged in melee.
You sometimes gain a little power by taking damage.
You have a sharp stinger which inflicts weakening toxins.


Message History

The deep troll claws you.
You take 12 damage, and have 58/80 hp.
You now have 17/23 mp.
A wave of flame ripples out!
The flame wave engulfs the deep troll!
The deep troll is burned terribly!
The deep troll is heavily wounded.
The deep troll bites you!!
You focus on the pain.
You feel your power returning. The deep troll claws you!
You focus on the pain.
You feel agile all of a sudden.
The deep troll claws you but does no damage.
You take 30 damage, and have 28/80 hp.
MASSIVE DAMAGE!!
MP restored: 23 A wave of flame ripples out!
The flame wave engulfs the deep troll.
The deep troll is burned terribly!
The deep troll is heavily wounded.
You finish channelling waves of flame.
The deep troll closely misses you.
The deep troll claws you but does no damage.
The deep troll misses you. The deep troll bites you!!
* * * LOW HITPOINT WARNING * * *
The deep troll claws you but does no damage.
The deep troll barely misses you.
You take 22 damage, and have 6/80 hp.
MASSIVE DAMAGE!!
Casting: Flame Wave (dangerous; 6% risk of failure)
Confirm with . or Enter, or press ? or * to list all spells.
Casting: Flame Wave (dangerous; 6% risk of failure)
Press: ? - help, Dir - look around, f - activate A wave of flame ripples out!
The flame wave engulfs the deep troll!
The deep troll is burned terribly!
The deep troll is almost dead. (Press . to intensify the flame waves.)
The deep troll closely misses you. The deep troll misses you.
The deep troll claws you.
* * * LOW HITPOINT WARNING * * *
You take 5 damage, and have 1/80 hp.
You now have 20/23 mp.
A wave of flame ripples out!
The flame wave engulfs the deep troll.
The deep troll is burned terribly!
The deep troll is almost dead.
The deep troll misses you. The deep troll barely misses you.
The deep troll claws you.
You die...

###########.####....#...
#.......# ###.......#...
#.......# #.......#...
#.......# #.......'...
#.......#####T......#+##
#####...............T...
#...................
#...................
#.†@T...............
##########...#######
##..#..T.#. ##.#...†'.
###..#### .....T.######
....##. #.. .. .# #.. ..
###


You could see 2 deep trolls.

Vanquished Creatures
  2 deep trolls (D:9)
  Grinder (D:3)
  Prince Ribbit (D:9)
  A vampire (D:9)
  A wyvern (D:9)
  Grum (D:9)
  7 yaks (D:8)
  2 steam dragons
  Duvessa (D:5)
  3 orc warriors
  A black bear (D:5)
  3 ice beasts
  A sky beast (D:7)
  2 ogres (D:6)
  3 centaurs
  4 wolves (D:9)
  3 kobold brigands
  2 necrophages
  5 scorpions
  A gnoll sergeant (D:9)
  2 bullfrogs
  Dowan (D:5)
  4 killer bees (D:9)
  2 jellies
  4 orc priests
  2 hounds
  A gnoll bouda (D:9)
  Jessica (D:3)
  2 iguanas
  13 orc wizards
  4 adders
  13 gnolls
  2 white imps (D:6)
  3 ufetubi
  3 dart slugs
  43 orcs
  8 ball pythons
  5 endoplasms
  A giant cockroach (D:4)
  7 goblins
  3 hobgoblins
  A jackal (D:2)
  4 quokkas
  10 bats
  5 frilled lizards
  15 kobolds
  2 rats (D:1)
206 creatures vanquished.

Vanquished Creatures (collateral kills)
  2 scorpions
  Ijyb (D:4)
  2 gnolls (D:3)
  An orc (D:4)
  A hobgoblin (D:3)
7 creatures vanquished.

Vanquished Creatures (others)
  An orc priest (D:9)
  An orc (D:9)
  2 plants (D:2)
4 creatures vanquished.

Grand Total: 217 creatures vanquished

Notes
Turn   | Place    | Note
-------+----------+-------------------------------------------
     0 | D:1      | jasper the Demonspawn Hedge Wizard began the quest for the
                  | Orb.
     0 | D:1      | Reached XP level 1. HP: 13/13 MP: 4/4
   370 | D:1      | Gained mutation: You may rarely emit foul miasma when
                  | damaged in melee. [demonic ancestry]
   370 | D:1      | Reached XP level 2. HP: 19/19 MP: 0/6
   947 | D:1      | Learned a level 2 spell: Call Imp
   950 | D:1      | Learned a level 2 spell: Blink
   953 | D:1      | Learned a level 2 spell: Cigotuvi's Dreadful Rot
  1153 | D:2      | Reached skill level 4 in Spellcasting
  1439 | D:2      | Gained mutation: You have a small tail. [demonic ancestry]
  1439 | D:2      | Reached XP level 3. HP: 18/24 MP: 2/8
  1443 | D:2      | Learned a level 3 spell: Mephitic Cloud
  1952 | D:2      | Gained mutation: You have a tail ending in a sharp stinger.
                  | [demonic ancestry]
  1952 | D:2      | Reached XP level 4. HP: 13/31 MP: 6/10
  2251 | D:3      | Noticed Jessica
  2263 | D:3      | Killed Jessica
  2264 | D:3      | Reached skill level 1 in Fighting
  2759 | D:3      | Noticed a scorpion
  2789 | D:3      | Reached XP level 5. HP: 32/32 MP: 3/12
  2799 | D:3      | Reached skill level 5 in Spellcasting
  2891 | D:3      | Noticed Grinder
  2984 | D:4      | Noticed a phantom
  3204 | D:4      | Learned a level 1 spell: Apportation
  3274 | D:4      | Reached XP level 6. HP: 21/44 MP: 9/14
  3386 | D:4      | Noticed Ijyb
  3412 | D:4      | Killed Ijyb
  3696 | D:5      | Entered Level 5 of the Dungeon
  4373 | D:2      | Reached skill level 6 in Spellcasting
  4792 | D:4      | Reached XP level 7. HP: 28/52 MP: 16/16
  5142 | D:5      | Found a hazy altar of Hepliaklqana.
  5142 | D:5      | Found a radiant altar of Vehumet.
  5222 | D:5      | Became a worshipper of Vehumet
  5299 | D:5      | Noticed Dowan
  5661 | D:5      | Learned a level 2 spell: Scorch
  5666 | D:5      | Learned a level 4 spell: Flame Wave
  6201 | D:6      | Gained mutation: You are partially covered in molten
                  | scales. (AC +2) [demonic ancestry]
  6201 | D:6      | Reached XP level 8. HP: 28/60 MP: 18/18
  6572 | D:6      | Reached skill level 1 in Fire Magic
  6891 | D:6      | Reached skill level 7 in Spellcasting
  7298 | D:7      | Identified the +1 pair of gloves of Amausuo {Harm rC-
                  | Stlth+}
  7568 | D:7      | HP: 3/61 [steam dragon (3)]
  7869 | D:8      | Identified a scroll of acquirement
  7869 | D:8      | Acquired 1113 gold pieces
  8014 | D:8      | Reached skill level 5 in Fighting
  8035 | D:8      | Gained mutation: You sometimes gain a little power by
                  | taking damage. [demonic ancestry]
  8035 | D:8      | Reached XP level 9. HP: 16/68 MP: 3/20
  8400 | D:8      | Reached * piety under Vehumet
  8400 | D:8      | Offered knowledge of Shock by Vehumet.
  8866 | D:8      | Reached skill level 5 in Conjurations
  8874 | D:8      | Reached skill level 8 in Spellcasting
  9050 | D:8      | Learned a level 3 spell: Stone Arrow
  9369 | D:9      | Reached skill level 1 in Earth Magic
  9652 | D:9      | Found a staircase to the Orcish Mines.
  9729 | D:9      | Offered knowledge of Foxfire by Vehumet.
  9734 | D:9      | Noticed Prince Ribbit
  9735 | D:9      | Reached ** piety under Vehumet
  9744 | D:9      | Killed Prince Ribbit
  9745 | D:9      | Gained mutation: You have a sharp stinger which inflicts
                  | weakening toxins. [demonic ancestry]
  9745 | D:9      | Reached XP level 10. HP: 32/77 MP: 3/22
 10015 | D:7      | Learned a level 2 spell: Passwall
 10285 | D:7      | Found a staircase to the Ecumenical Temple.
 10897 | D:5      | Noticed Duvessa
 10909 | D:5      | Killed Dowan
 10913 | D:5      | Killed Duvessa
 11258 | D:3      | Killed Grinder
 11365 | D:3      | Found a sparkling altar of Nemelex Xobeh.
 12160 | D:9      | Noticed Grum
 12182 | D:9      | Killed Grum
 12519 | D:9      | Reached skill level 9 in Spellcasting
 12625 | D:9      | Noticed a deep troll
 12636 | D:9      | Noticed a deep troll
 12640 | D:9      | Noticed a deep troll
 12641 | D:9      | Killed a deep troll
 12703 | D:9      | Killed a deep troll
 12872 | D:9      | Noticed a deep troll
 12881 | D:9      | HP: 1/80 [deep troll (6)]
 12882 | D:9      | Slain by a deep troll

Illustrated notes

Levels and vault maps discovered:
D:1:      wheals_arrival_shading, layout_basic
D:2:      cheibrodos_old_hovel, layout_basic, small_statue_intersection,
          minmay_distorted
D:3:      minmay_inner_zag, layout_basic, nemelex_dance_club_becter,
          uniq_jessica, uniq_grinder
D:4:      layout_basic, uniq_ijyb
D:5:      layout_gridville, amethyst_overflow_temple_binary, minivault_27,
          minivault_1, uniq_crazy_yiuf_cottage, uniq_duvessa
D:6:      layout_loops_ring, minmay_misc_feat_cross
D:7:      layout_gridville, minmay_temple_entry_slanted
D:8:      layout_loops_ring, mainiacjoe_overflow_six_doors_small
D:9:      layout_gridville, orc_0_dummy, grunt_ministairs_7,
          hellmonk_guarded_unrand_vitality_bloodlust, uniq_grum, uniq_joseph,
          uniq_prince_ribbit1

Skill      XL: |  1  2  3  4  5  6  7  8  9 10 |
---------------+-------------------------------+-----
Spellcasting   | 4 5 6 7 8 9 |  9.2
Dodging        | 2 3 4 |  4.0
Fighting       | 1 2 3 4 5 6 7 |  7.8
Conjurations   | 2 4 6 8 |  8.4
Fire Magic     | 3 4 |  4.0
Earth Magic    | 1 3 |  3.7
Stealth        | |  1.7
Summonings     | |  1.0
Translocations | |  0.8

Action                     |  1- 3 |  4- 6 |  7- 9 | 10-12 || total
---------------------------+-------+-------+-------+-------++-------
  Melee: Dagger            |    39 |       |       |       ||    39
         War axe           |     7 |       |       |       ||     7
         Tailslap          |     1 |     9 |    14 |       ||    24
         Trident           |       |   106 |   102 |     3 ||   211
         Punch             |       |     2 |     1 |     1 ||     4
   Cast: Magic Dart        |    75 |    59 |    27 |     1 ||   162
         Call Imp          |     2 |     6 |     5 |       ||    13
         Cigotuvi's Dreadf |       |     3 |       |     1 ||     4
         Mephitic Cloud    |       |     5 |     3 |     6 ||    14
         Scorch            |       |       |   159 |    99 ||   258
         Flame Wave        |       |       |     7 |    16 ||    23
         Stone Arrow       |       |       |     3 |     1 ||     4
         Blink             |       |       |       |     2 ||     2
  Evoke: Wand              |       |       |       |     1 ||     1
    Use: Scroll            |       |    13 |     8 |     4 ||    25
         Potion            |       |       |       |     7 ||     7
   Stab: Confused          |       |     5 |       |       ||     5
 Armour: Robe              |    16 |    16 |    65 |    34 ||   131
         Skin              |       |       |       |     4 ||     4
  Dodge: Dodged            |    55 |    57 |   143 |    63 ||   318

Table legend: (Time is in decaauts)
 A = Elapsed time spent in this place.
 B = Non-inter-level travel time spent in this place.
 C = Inter-level travel time spent in this place.
 D = Time resting spent in this place.
 E = Time spent auto-exploring this place.
 F = Levels seen in this place.
 G = Mean time per level.
                   A        B        C        D        E       F      G
               +--------+--------+--------+--------+--------+-----+--------+
         Total |  12966 |  12302 |    664 |   2070 |   8412 |   9 | 1440.7 |
       Dungeon |  12966 |  12302 |    664 |   2070 |   8412 |   9 | 1440.7 |
               +--------+--------+--------+--------+--------+-----+--------+

Top non-repeatable levels by time:
     D:8: 1781 daAuts
     D:5: 1533 daAuts
     D:4: 1524 daAuts
     D:6: 1497 daAuts
     D:3: 1485 daAuts
     D:9: 1431 daAuts
     D:7: 1311 daAuts
     D:2: 1269 daAuts
     D:1: 1131 daAuts
